 Dungeon Crawl Stone Soup version 0.17.2-1-ge4368a0 (webtiles) character file.

1211 Goblin1989 the Grappler (level 8, -11/75 HPs)
             Began as a Troll Monk on Oct 11, 2016.
             Was a Priest of Cheibriados.
             Killed from afar by an orc (17 damage)
             ... with a wand of lightning
             ... on level 6 of the Dungeon.
             The game lasted 00:09:55 (1071 turns).

Goblin1989 the Grappler (Troll Monk)                Turns: 1071, Time: 00:09:55

Health: -11/75     AC:  5    Str: 27    XL:     8   Next: 22%
Magic:  7/7        EV: 12    Int: 13    God:    Cheibriados [***...]
Gold:   137        SH:  0    Dex: 21    Spells: 0 memorised, 7 levels left

rFire  . . .     SeeInvis .       - Unarmed
rCold  . . .     Clarity  .     a - +0 robe
rNeg   . . .     SustAt   .     (no shield)
rPois  .         Gourm    +     (helmet restricted)
rElec  .         Spirit   .     (no cloak)
rCorr  .         Warding  .     (gloves unavailable)
rMut   .         Stasis   .     (boots unavailable)
MR     .....                    c - amulet of rage
Stlth  ++........               (no ring)
                                q - ring of wizardry

@: very slow, not resistant to hostile enchantments, unstealthy
A: unfitting armour, claws 3, fast metabolism 3, gourmand, regeneration 2,
shaggy fur 1, tough skin 2
a: Bend Time, Temporal Distortion, Renounce Religion, Evoke Berserk Rage


You were on level 6 of the Dungeon.
You worshipped Cheibriados.
Cheibriados was most pleased with you.
You were full.

You visited 1 branch of the dungeon, and saw 7 of its levels.

You collected 137 gold pieces.

Inventory:

Armour
 a - a +0 robe (worn)
Jewellery
 c - an amulet of rage (around neck)
 q - a ring of wizardry (left claw)
 B - a cursed amulet of inaccuracy {unknown}
Wands
 r - a wand of frost (28)
 L - a wand of lightning (5)
 P - a wand of paralysis (7)
Scrolls
 e - 2 scrolls of fear {unknown}
 g - a scroll of recharging {unknown}
 i - a scroll of enchant weapon {unknown}
 j - 2 scrolls of teleportation {unknown}
 k - a scroll of amnesia {unknown}
 s - a scroll of blinking {unknown}
 t - 2 scrolls of fog {unknown}
 u - a scroll of identify {unknown}
 v - 2 scrolls of magic mapping {unknown}
 y - a scroll of remove curse {unknown}
 A - a scroll of noise {unknown}
Potions
 d - a potion of brilliance {unknown}
 f - a potion of degeneration {unknown}
 l - 4 potions of curing {unknown}
 m - a potion of poison {unknown}
 n - 2 potions of resistance {unknown}
 o - 2 potions of flight {unknown}
 p - a potion of heal wounds {unknown}
 w - a potion of haste {unknown}
 x - 3 potions of cure mutation {unknown}
Comestibles
 b - 5 bread rations {@e1}
 h - 2 beef jerkies
 z - 4 fruits


   Skills:
 + Level 3.1 Fighting
 + Level 1.4 Armour
 + Level 3.2 Dodging
 - Level 1.1 Stealth
 * Level 9.8 Unarmed Combat


You had 7 spell levels left.
You didn't know any spells.

Dungeon Overview and Level Annotations

Branches:
Dungeon (7/15)             Temple (0/1) D:5

Altars:
Cheibriados
Elyvilon


Innate Abilities, Weirdness & Mutations

You are too large for most types of armour.
You have claws for hands.
Your metabolism is lightning-fast.
You like to eat raw meat.
You heal very quickly.
You are covered in fur (AC +1).
You have very tough skin (AC +2).


Message History

a hand axe; a plate armour You take 20 damage, and have 55/75 hp.
MASSIVE DAMAGE!!
You miss the crimson imp. You claw the crimson imp!
The crimson imp is heavily wounded.
The crimson imp hits you but does no damage.
The orc zaps a wand.
The bolt of lightning hits you!
You take 15 damage, and have 40/75 hp.
You scratch the crimson imp.
The crimson imp is severely wounded.
The crimson imp blinks!
You claw the orc!
You kill the orc!
Cheibriados appreciates the change of pace.
The orc zaps a wand.
The bolt of lightning hits you!
* * * LOW HITPOINT WARNING * * *
You take 21 damage, and have 19/75 hp.
MASSIVE DAMAGE!!
The orc zaps a wand.
The bolt of lightning hits you!
* * * LOW HITPOINT WARNING * * *
The orc zaps a wand.
The bolt of lightning hits you!
You die...

..... .... ∆ਜਜਜ...ਜਜਜਜਜ
........ਜਜ.ਜਜਜ
<.......ਜਜ...
........ਜਜ.ਜ
.......o...ਜਜਜਜਜਜਜ
.......@...5.....ਜ
.......))........ਜ .
........ਜ>........ .
()......ਜ.........ਜਜਜਜਜਜ
.......(ਜ.............ਜਜ
........ਜਜਜਜਜਜ........ਜਜ
........ਜ ਜ......>.ਜਜ


ਜਜਜਜਜਜਜਜਜ ਜ.....†..ਜਜ ਜ........ਜਜ You could see a crimson imp and an orc.

Vanquished Creatures
  The ghost of jazmu the Stinger, a novice OpVM of Vehumet (D:6)
  A hungry ghost (D:7)
  A hippogriff (D:7)
  An orc warrior (D:6)
  A black bear (D:6)
  An ogre (D:7)
  2 giant frogs
  A scorpion (D:6)
  A crimson imp (D:7)
  A centaur skeleton (D:5)
  2 iguanas
  An orc wizard (D:7)
  A worker ant (D:6)
  2 adders
  A worm (D:4)
  7 orcs
  2 giant cockroaches (D:2)
  A goblin (D:1)
  2 hobgoblins
  6 jackals
  A kobold (D:1)
  3 giant newts
  A quokka (D:6)
  A quokka skeleton (D:4)
  A rat (D:2)
43 creatures vanquished.

Notes
Turn   | Place    | Note
--------------------------------------------------------------
     0 | D:1      | Goblin1989 the Troll Monk began the quest for the Orb.
     0 | D:1      | Reached XP level 1. HP: 22/22 MP: 0/0
   206 | D:2      | Reached XP level 2. HP: 29/29 MP: 1/1
   345 | D:3      | Found a faded altar to an unknown god.
   386 | D:3      | Found a snail-covered altar of Cheibriados.
   399 | D:3      | Became a worshipper of Cheibriados the Contemplative
   399 | D:3      | Reached * piety under Cheibriados
   399 | D:3      | Reached ** piety under Cheibriados
   414 | D:3      | Reached skill level 5 in Unarmed Combat
   414 | D:3      | Reached XP level 3. HP: 31/36 MP: 2/2
   561 | D:5      | Entered Level 5 of the Dungeon
   566 | D:5      | Found a staircase to the Ecumenical Temple.
   578 | D:5      | Found a white marble altar of Elyvilon.
   633 | D:6      | Noticed a black bear
   641 | D:6      | Killed a black bear
   641 | D:6      | Reached skill level 6 in Unarmed Combat
   641 | D:6      | Reached XP level 4. HP: 30/44 MP: 3/3
   641 | D:6      | Reached XP level 5. HP: 34/50 MP: 4/4
   736 | D:6      | Noticed a giant frog
   743 | D:6      | Killed a giant frog
   743 | D:6      | Reached skill level 7 in Unarmed Combat
   930 | D:6      | Noticed a scorpion
   930 | D:6      | Noticed jazmu's ghost (novice OpVM)
   931 | D:6      | Noticed an ice beast
   935 | D:6      | Killed a scorpion
   935 | D:6      | Reached XP level 6. HP: 50/59 MP: 5/5
   942 | D:6      | Killed jazmu's ghost
   942 | D:6      | Reached skill level 8 in Unarmed Combat
   942 | D:6      | Reached XP level 7. HP: 48/66 MP: 6/6
   965 | D:7      | Reached skill level 9 in Unarmed Combat
   981 | D:7      | Reached *** piety under Cheibriados
  1020 | D:7      | Reached skill level 1 in Armour
  1036 | D:7      | Reached XP level 8. HP: 64/75 MP: 7/7
  1056 | D:6      | Noticed an orc warrior
  1066 | D:6      | Killed an orc warrior
  1071 | D:6      | Killed from afar by an orc

Action                   |  1- 3 |  4- 6 |  7- 9 || total
-------------------------+-------+-------+-------++-------
Melee: Unarmed           |    66 |    23 |    33 ||   122
 Stab: Sleeping          |       |     2 |       ||     2
  Eat: Chunk             |     9 |     2 |     1 ||    12

Vault maps used:
D:1:      kilobyte_arrival_exit_the_forest
D:2:      first_bread
D:3:      kennysheep_goblin_castle, lemuel_doored_altar, lemuel_crystal_altar,
          ecumenical_altar_1
D:4:      nicolae_tso_carved_into_rock
D:5:      nicolae_ashenzari_panopticon, lemuel_crystal_altar,
          gammafunk_temple_overflow_pools, minmay_temple_entry_glassed_door,
          serial_shops, shop
D:7:      nemelex_xobeh_ov_fountains_minmay, grunt_livestock, uniq_pikel
